AoeStats
← Potri

Arabia

506790739Analyzed
1v1 RM · 16d ago on Sep 15, 2026· 44m 43s· 2 players
Game mode
Random Map
Map size
Tiny (2 player)
Population
200
Speed
Normal
Resources
Standard
Victory
Conquest
Starting age
Dark Age
Ending age
Imperial Age
RankedLock teamsTeams togetherTeam positionsShared explorationLock speedFull tech treeHidden civsTurbo modeCheats
Victory
Defeat
🇻🇳 Mongols · Vietnam
723
+35
🇷🇴 Wei · Romania
733
-30
phamquangtho2015
10:44 Feudal Age
11:15 Horse Collar
11:36 Double-Bit Axe
16:08 Wheelbarrow
22:53 Castle Age
27:43 Gold Mining
29:51 Bloodlines
29:49 Scale Barding Armor
30:14 Forging
32:03 Hand Cart
32:31 Chain Barding Armor
33:06 Husbandry
35:53 Iron Casting
Potri
5:57 Loom
11:32 Feudal Age
12:26 Double-Bit Axe
13:09 Horse Collar
21:08 Wheelbarrow
22:59 Bloodlines
25:31 Castle Age
24:32 Scale Barding Armor
24:38 Forging
28:21 Chain Barding Armor
28:19 Heavy Plow
27:58 Pikeman
30:08 Iron Casting
32:21 Stone Mining
32:21 Gold Mining
33:16 Hand Cart
35:03 Scale Mail Armor
Connection lost

Rejoining the realm…

Still unreachable

The connection could not be restored.

Session expired

The server has moved on; the page needs a fresh start.